 Dungeon Crawl Stone Soup version 0.22.1-6-g1668fe2c40 (webtiles) character file.

234 Gargoyl the Skirmisher (level 5, -1/46 HPs)
             Began as a Centaur Abyssal Knight on Jan 25, 2019.
             Was a Believer of Lugonu.
             Killed from afar by an orc wizard (2 damage)
             ... with a magic dart
             ... on level 4 of the Dungeon.
             The game lasted 00:04:30 (3703 turns).

Gargoyl the Skirmisher (Centaur Abyssal Knight)     Turns: 3703, Time: 00:04:30

Health: -1/46      AC:  7    Str: 15    XL:     5   Next: 75%
Magic:  7/7        EV:  6    Int: 11    God:    Lugonu [**....]
Gold:   229        SH:  7    Dex: 14    Spells: 4/4 levels left

rFire    . . .     SeeInvis .   a - +1 hand axe
rCold    . . .     Gourm    .   e - +0 shield
rNeg     . . .     Faith    .   h - +1 ring mail
rPois    .         Spirit   .   (no helmet)
rElec    .         Reflect  .   (no cloak)
rCorr    .         Harm     .   (no gloves)
MR       .....                  (no barding)
Stlth    ..........             (no amulet)
HPRegen  0.15/turn              f - +5 ring of dexterity
MPRegen  0.10/turn              (no ring)

@: very quick
A: large, hooves 3, deformed body, speed 2, tough skin 3
a: Depart the Abyss, Bend Space, Renounce Religion


You were on level 4 of the Dungeon.
You worshipped Lugonu.
Lugonu was pleased with you.
You were not hungry.

You visited 1 branch of the dungeon, and saw 4 of its levels.
You visited the Abyss 1 time.

You collected 229 gold pieces.

Inventory:

Hand Weapons
 a - a +1 hand axe (weapon)
Armour
 e - a +0 shield (worn)
 h - a +1 ring mail (worn)
Jewellery
 f - a +5 ring of dexterity (left hand)
 i - an uncursed amulet of the acrobat {unknown}
 q - an uncursed amulet of the gourmand {unknown}
Wands
 d - a wand of paralysis (17)
Scrolls
 b - a scroll of fog
 m - a scroll of teleportation
Potions
 g - a potion of resistance
 j - 3 potions of berserk rage {unknown}
 k - a potion of agility {unknown}
 l - a potion of brilliance {unknown}
 n - a potion of invisibility {unknown}
 p - a potion of flight
Comestibles
 c - 10 rations


   Skills:
 + Level 3.8 Fighting
 + Level 3.0 Axes
 * Level 2.7 Armour
 + Level 1.1 Dodging
 + Level 0.6 Shields
 * Level 3.3 Invocations


You had 4 spell levels left.
You didn't know any spells.
Your spell library contained the following spells:

 Spells                   Type           Power        Failure   Level  Hunger
 Corona                   Hex            #......      99%         1    ##.....
 Ensorcelled Hibernation  Hex/Ice        #.....       99%         2    ###....
 Confuse                  Hex            #.......     100%        3    ####...
 Dazzling Spray           Conj/Hex       #.....       100%        3    ####...
 Tukima's Dance           Hex            #.......     100%        3    ####...


Dungeon Overview and Level Annotations

Branches:
Dungeon (4/15)
 Temple: D:4-7

Altars:
Okawaru
Qazlal
Trog


Innate Abilities, Weirdness & Mutations

You have hooves in place of feet.
Armour fits poorly on your strangely shaped body.
You cover ground very quickly.
You have extremely tough skin. (AC +3)


Message History

You see here a tomahawk.
The orc wizard gestures wildly while chanting.
The orc wizard blinks!
You see here a tomahawk.
The orc wizard gestures at you while chanting.
The magic dart hits you!
* * * LOW HITPOINT WARNING * * *
The orc wizard casts a spell.
The orc wizard blinks!
The orc wizard points at you and mumbles some strange words.
The magic dart hits you!
* * * LOW HITPOINT WARNING * * *
The orc wizard gestures at you while chanting.
You resist with some effort. The orc wizard casts a spell at you.
The magic dart hits you!
* * * LOW HITPOINT WARNING * * *
The orc wizard gestures at you while chanting.
The magic dart hits you!
You die...

#.# #.# # #.# #.# #.# #.# #.#
#.# #.###.## ## #..(...# #.
#######..###.# #. #........#
#.# #. #.####...#
#@################ #.####.#.#
#......o.....o....
##.##...#...##################
#.....#####.# #..##...# .#
#..####.# # #..# ...##
##..#####...## #.....<[......


You could see an orc wizard.

Vanquished Creatures
  A bullfrog (D:2)
  An orc wizard (D:4)
  A worker ant (D:4)
  A shadow imp (D:3)
  4 worms
  2 dart slugs (D:1)
  3 leopard geckos
  11 orcs
  2 giant cockroaches (D:1)
  9 goblins
  7 hobgoblins
  A quokka (D:2)
  A ball python (D:3)
  7 bats
  5 frilled lizards
  12 kobolds
  7 rats
75 creatures vanquished.

Vanquished Creatures (others)
  An orc wizard (D:4)
1 creature vanquished.

Grand Total: 76 creatures vanquished

Notes
Turn   | Place    | Note
-------+----------+-------------------------------------------
     0 | Abyss:1  | Gargoyl the Centaur Abyssal Knight began the quest for the
                  | Orb.
     0 | Abyss:1  | Reached XP level 1. HP: 19/19 MP: 2/2
     9 | Abyss:1  | Found a corrupted altar of Lugonu.
    62 | Abyss:3  | Found a corrupted altar of Lugonu.
   134 | Abyss:4  | Noticed a thrashing horror
   140 | Abyss:5  | Entered Level 5 of the Abyss
   142 | Abyss:5  | Noticed a red very ugly thing
   142 | Abyss:5  | Noticed a red very ugly thing
   142 | Abyss:5  | Noticed a red very ugly thing
   149 | Abyss:5  | Noticed a wretched star
   151 | D:1      | Escaped the Abyss
   338 | D:1      | Reached * piety under Lugonu
   523 | D:1      | Reached XP level 2. HP: 23/26 MP: 3/3
  1271 | D:1      | Reached XP level 3. HP: 31/31 MP: 4/4
  1801 | D:2      | Found a bloodstained altar of Trog.
  1806 | D:2      | Reached ** piety under Lugonu
  2031 | D:2      | Noticed a bullfrog
  2042 | D:2      | Killed a bullfrog
  2042 | D:2      | Reached skill level 1 in Dodging
  2042 | D:2      | Reached XP level 4. HP: 13/38 MP: 6/6
  2755 | D:3      | Found an iron altar of Okawaru.
  2975 | D:3      | Reached XP level 5. HP: 45/45 MP: 7/7
  3225 | D:3      | Found a stormy altar of Qazlal.
  3227 | D:3      | Noticed a water elemental
  3227 | D:3      | Noticed an air elemental
  3228 | D:3      | Noticed a fire elemental
  3702 | D:4      | HP: 1/46 [orc wizard/magic dart (6)]
  3703 | D:4      | Killed from afar by an orc wizard

Skill      XL: |  1  2  3  4  5 |
---------------+----------------+-----
Axes           | 2 3 |  3.0
Armour         | 2 |  2.7
Dodging        | 1 |  1.1
Invocations    | 3 |  3.3
Fighting       | |  3.8
Shields        | |  0.6

Action                   |  1- 3 |  4- 6 || total
-------------------------+-------+-------++-------
Melee: Hand axe          |   100 |    90 ||   190
       Kick              |    14 |    21 ||    35
Invok: Depart the Abyss  |     1 |       ||     1
  Use: Potion            |     4 |       ||     4
       Scroll            |     6 |     2 ||     8
  Eat: Chunk             |     2 |     5 ||     7
Armor: Leather armour    |     9 |       ||     9
       Ring mail         |    30 |    39 ||    69
Dodge: Dodged            |    31 |    23 ||    54
Block: Shield            |    29 |    33 ||    62
